 Dungeon Crawl Stone Soup version 0.31-a0-232-gb1c03b2570 (webtiles) character file.

Game seed: 17202795882001487513

44 qw the Shooter (level 3, -3/21 HPs)
             Began as a Gargoyle Hexslinger on July 7, 2023.
             Slain by an orc
             ... wielding a +0 whip
              (5 damage)
             ... on level 3 of the Dungeon.
             The game lasted 00:00:35 (1892 turns).

qw the Shooter (Gargoyle Hexslinger)                Turns: 1892, Time: 00:00:36

Health: -3/21      AC:  9    Str: 11    XL:     3   Next: 62%
Magic:  4/4        EV: 10    Int: 13    God:
Gold:   161        SH:  0    Dex: 14    Spells: 3/4 levels left

rFire   . . .        Y - +3 sling
rCold   . . .        (no shield)
rNeg    + . .        l - +0 ring mail
rPois   inf          (no helmet)
rElec   +            (no cloak)
rCorr   .            (no gloves)
SInv    .            i - +0 pair of boots
Will    +....        (no amulet)
Stlth   +            d - ring of willpower
HPRegen 0.23/turn    (no ring)
MPRegen 0.09/turn

%: no passive effects
@: about to teleport
A: sickness immunity, AC +3, negative energy resistance 1, electricity
resistance, torment resistance 1, petrification resistance
a: no special abilities


You were on level 3 of the Dungeon.
You visited 1 branch of the dungeon, and saw 3 of its levels.

You collected 161 gold pieces.


Innate Abilities, Weirdness & Mutations

You are immune to sickness and miasma.
Your stone body is resilient. (AC +3)
You are immune to poison.
You resist negative energy. (rN+)
You are resistant to electric shocks. (rElec)
You are resistant to unholy torment.
You are immune to petrification.


   Skills:
 - Level 2.0 Fighting
 + Level 3.3 Ranged Weapons
 - Level 1.0 Armour
 - Level 1.5 Dodging
 - Level 1.0 Spellcasting
 - Level 2.6 Hexes


You had 3 spell levels left.
You knew the following spells:

 Your Spells              Type           Power      Damage    Failure   Level
a - Slow                  Hex            28%        N/A       22%         1

Your spell library contained the following spells:

 Spells                   Type           Power      Damage    Failure   Level
 Inner Flame              Hex/Fire       4%         N/A       75%         3
 Portal Projectile        Hex/Tloc       8%         N/A       75%         3
 Cause Fear               Hex            3%         N/A       91%         4

Inventory:

Hand Weapons
 Y - a +3 sling (weapon)
Armour
 i - a +0 pair of boots (worn)
 l - a +0 ring mail (worn)
Jewellery
 d - a ring of willpower (left hand)
Scrolls
 a - 3 scrolls of teleportation
 f - a scroll of identify
 m - 3 scrolls of fog {unknown}
Potions
 b - a potion of enlightenment
 c - a potion of degeneration {unknown}
 e - a potion of brilliance {unknown}
 g - a potion of mutation {unknown}
 h - a potion of cancellation {unknown}
 j - a potion of attraction {unknown}
 k - a potion of magic {unknown}

Dungeon Overview and Level Annotations

Branches:
Dungeon (3/15)

Altars:

Shops:
D:1 *   D:2 :


Message History

The sling bullet completely misses the orc priest.
The orc priest shouts!
The orc hits you with a +0 whip.
The orc priest hits you but does no damage.
You shoot a sling bullet. The sling bullet hits the orc priest.
The orc priest is heavily wounded.
The orc hits you but does no damage. The orc wizard barely misses you.
The orc priest hits you with a +0 short sword.
You shoot a sling bullet. The sling bullet hits the orc priest.
The orc priest is severely wounded.
The orc hits you but does no damage.
An orc comes into view. It is wielding a +0 war axe.
The orc wizard hits you with a +0 dagger.
The orc priest looks satisfied for a moment.
The orc priest closely misses you.
The orc priest casts a cantrip, but nothing happens.
The orc barely misses you.
The orc priest invokes the aid of Beogh against you.
You resist with significant effort.
The orc wizard hits you with a +0 dagger.
You shoot a sling bullet.
The sling bullet hits the orc priest but does no damage.
The orc priest is severely wounded.
The orc barely misses you.
The orc wizard hits you with a +0 dagger.
The orc priest closely misses you.
You shoot a sling bullet.
The sling bullet closely misses the orc priest.
The orc hits you with a +0 whip.
The orc wizard hits you but does no damage.
The orc priest completely misses you. The orc closely misses you.
The orc priest hits you but does no damage.
The orc wizard hits you with a +0 dagger.
1892 ||| READING 4 scrolls of teleportation.
As you read the scroll of teleportation, it crumbles to dust.
You feel strangely unstable.
The orc wizard hits you but does no damage.
The orc priest hits you but does no damage.
The orc hits you with a +0 whip.
You die...

..#####..### #. .
###'## .#. #.# #....#
# o. ... +....+ . # .o
#.# ###....# # #.##.
#.# ##...#### #
.....#o####..### #
#..#o##...############
#.oo@.>....).........
#.#o#################
#.# #
#.#################
#..................
###################


You could see 2 orc priests, an orc wizard and 2 orcs.

Vanquished Creatures
  4 bats
  5 endoplasms
  5 goblins
  7 hobgoblins
  5 quokkas
  2 ball pythons
  2 frilled lizards (D:2)
  6 kobolds
  2 rats
38 creatures vanquished.

Notes
Turn   | Place    | Note
-------+----------+-------------------------------------------
     0 | D:1      | qw the Gargoyle Hexslinger began the quest for the Orb.
     0 | D:1      | Reached XP level 1. HP: 12/12 MP: 2/2
     0 | D:1      | 0 ||| qw: Version: 0.3-a-46-gb1f654a
     0 | D:1      | 0 ||| qw: Game counter: 2840
     0 | D:1      | 0 ||| qw: Melee chars always use a shield: true
     0 | D:1      | 0 ||| qw: God list: Okawaru
     0 | D:1      | 0 ||| qw: Allow faded altars: false
     0 | D:1      | 0 ||| qw: Do Orc after clearing Dungeon:15 true
     0 | D:1      | 0 ||| qw: Do second Lair branch before Depths: true
     0 | D:1      | 0 ||| qw: Lair rune preference: random
     0 | D:1      | 0 ||| qw: Goals: Normal
     0 | D:1      | 0 ||| PLANNING D:1-11
    63 | D:1      | Found a faded altar of an unknown god.
   239 | D:1      | Reached XP level 2. HP: 16/16 MP: 3/3
   294 | D:1      | Found Dineliss's General Store.
   314 | D:1      | 314 ||| SHOPLISTING +0 ring mail (48 gold, have 30).
   314 | D:1      | 314 ||| SHOPLISTING +1 ring mail of cold resistance (192
                  | gold, have 30).
   314 | D:1      | 314 ||| SHOPLISTING scroll of enchant armour (90 gold, have
                  | 30).
   376 | D:1      | Reached skill level 3 in Ranged Weapons
   669 | D:1      | 669 ||| UPGRADING to +0 leather armour.
   679 | D:1      | 679 ||| DROPPING +0 robe.
   680 | D:1      | 680 ||| UPGRADING to +0 pair of boots.
   685 | D:1      | 685 ||| UPGRADING to +0 ring mail.
   695 | D:1      | 695 ||| DROPPING +0 leather armour.
   696 | D:1      | 696 ||| UPGRADING to ring of willpower.
   697 | D:1      | 697 ||| READING 5 scrolls labelled XILLIKORAPS.
   700 | D:1      | 700 ||| READING scroll labelled NAUCEASHAST.
   701 | D:1      | 701 ||| DROPPING scroll of poison.
   835 | D:2      | Found Hoojef's Book Shoppe.
   848 | D:2      | Reached XP level 3. HP: 20/21 MP: 4/4
   932 | D:2      | 932 ||| READING scroll of enchant weapon.
   932 | D:2      | 932 ||| ENCHANTING +2 sling.
   967 | D:2      | 967 ||| DROPPING +3 sling.
  1456 | D:2      | 1456 ||| READING 3 scrolls labelled CYUMEATEDE.
  1457 | D:2      | 1457 ||| READING scroll labelled ANIEPLAJON.
  1458 | D:2      | 1458 ||| READING 2 scrolls of identify.
  1458 | D:2      | 1458 ||| IDENTIFYING green potion
  1510 | D:3      | Reached skill level 1 in Armour
  1881 | D:3      | 1881 ||| Stepping ~*~*~tactically~*~*~ (outnumbered).
  1891 | D:3      | HP: 5/21 [orc/+0 whip (5)]
  1891 | D:3      | HP: 2/21 [orc wizard/+0 dagger (3)]
  1892 | D:3      | 1892 ||| READING 4 scrolls of teleportation.
  1892 | D:3      | Slain by an orc

Levels and vault maps discovered:
D:1:      amcnicky_arrival_gap_in_the_tavern_cellar, layout_basic,
          shapermc_ecumenical_altar_notcrosses, serial_shops, shop
D:2:      layout_loops_cross, serial_shops, nicolae_shop_advertising_works
          [nicolae_subvault_shop_adworks], kennysheep_cross_bottleneck
D:3:      layout_basic, goddamned_bats

Skill      XL: |  1  2  3 |
---------------+----------+-----
Ranged Weapons | 3 |  3.3
Fighting       | 2 |  2.0
Armour         | 1 |  1.0
Dodging        | |  1.5
Spellcasting   | |  1.0
Hexes          | |  2.6

Action                     || total
---------------------------++-------
   Fire: Sling             ||   115
    Use: Scroll            ||     7
 Armour: Robe              ||     3
         Ring mail         ||    22
  Dodge: Dodged            ||    21

Table legend:
 A = Non-vault XP
 B = Vault XP
 C = Vault XP percentage of total XP
 D = Non-vault monster count
 E = Vault monster count
 F = Vault count percentage of total count
                 A         B        C        D         E       F
            +---------+---------+-------+---------+---------+-------
      Total |      64 |       0 |   0.0 |      38 |       0 |   0.0
            +---------+---------+-------+---------+---------+-------
        D:1 |      24 |       0 |   0.0 |      13 |       0 |   0.0
        D:2 |      22 |       0 |   0.0 |      15 |       0 |   0.0
        D:3 |      18 |       0 |   0.0 |      10 |       0 |   0.0
            +---------+---------+-------+---------+---------+-------
